 Dungeon Crawl Stone Soup version 0.30.1-11-g7821555f0a (webtiles) character file.

Game seed: 8186529769373649566

639 chuckiee3 the Poker (level 7, -1/60 HPs)
             Began as a Minotaur Gladiator on Nov 6, 2023.
             Was an Initiate of Ashenzari.
             Splashed by a jelly's acid (5 damage)
             ... on level 6 of the Dungeon.
             The game lasted 00:26:16 (2515 turns).

chuckiee3 the Poker (Minotaur Gladiator)            Turns: 2515, Time: 00:26:16

Health: -1/60      AC: 11    Str: 20      XL:     7   Next: 25%
Magic:  6/6        EV:  7    Int:  5      God:    Ashenzari [......]
Gold:   186        SH:  4    Dex: 10 (12) Spells: 6/6 levels left

rFire   . . .        k - +0 trident (pain)
rCold   . . .        (no shield)
rNeg    . . .        q - +0 plate armour
rPois   +            (helmet restricted)
rElec   .            (no cloak)
rCorr   .            (no gloves)
SInv    .            (no boots)
Will    .....        (no amulet) Stlth
                     (no ring)
HPRegen 0.30/turn    (no ring)
MPRegen 0.10/turn

%: no passive effects
@: attractive
A: horns 2, retaliatory headbutt, large bone plates 1, poison resistance
a: Renounce Religion, Curse Item


You were on level 6 of the Dungeon.
You worshipped Ashenzari.
Ashenzari was noncommittal.
You visited 1 branch of the dungeon, and saw 6 of its levels.

You collected 186 gold pieces.

Inventory:

Hand Weapons
 a - a +0 trident
 f - a +0 dagger
 i - a +0 club
 k - a +0 trident of pain (weapon)
 x - a +0 scimitar
 D - a +4 spear
Missiles
 d - 3 throwing nets
 e - 6 javelins
 o - 21 stones
Armour
 b - a +0 leather armour
 c - a +0 hat
 h - a +0 chain mail
 q - a +0 plate armour (worn)
 s - the +1 leather armour of the Eternal Fruit {rF- rN+ Int+2 Stlth+}
   (You found it on level 2 of the Dungeon)

   Int:       It affects your intelligence (+2).
   rF:        It makes you vulnerable to fire.
   rN:        It protects you from negative energy.
   Stlth:     It makes you more stealthy.
 t - a +0 barding
 w - a +0 scale mail
Magical Staves
 g - a staff of cold
Wands
 r - a wand of flame (23)
Scrolls
 j - a scroll of fear {unknown}
 l - a scroll of teleportation {unknown}
 v - 2 scrolls of fog {unknown}
 y - a scroll of vulnerability (quivered) {unknown}
 B - a scroll of butterflies {unknown}
 C - a scroll of identify {unknown}
 E - 3 scrolls of noise {unknown}
Potions
 u - a potion of lignification {unknown}
 A - 2 potions of heal wounds {unknown}


   Skills:
 + Level 4.5 Fighting
 + Level 7.2 Polearms
 + Level 2.1 Throwing
 + Level 3.6 Armour
 + Level 4.3 Dodging
 + Level 1.2 Stealth
 + Level 1.1 Unarmed Combat
 + Level 0.3 Evocations


You had 6 spell levels left.
You didn't know any spells.
Your spell library contained the following spells:

 Spells                   Type           Power      Damage    Failure   Level
 Magic Dart               Conj           0%         1d3       100%        1
 Call Imp                 Summ           0%         N/A       100%        2
 Scorch                   Fire           0%         2d5       100%        2
 Mephitic Cloud           Conj/Pois/Air  0%         N/A       100%        3
 Flame Wave               Conj/Fire      0%         2d4       100%        4
 Summon Cactus Giant      Summ           0%         N/A       100%        6


Dungeon Overview and Level Annotations

Branches:
Dungeon (6/15)
 Temple: D:4-7

Altars:
Ashenzari

Annotations:
D:6 Eustachio


Innate Abilities, Weirdness & Mutations

You have a pair of horns on your head.
You reflexively headbutt those who attack you in melee.
You are partially covered in large bone plates. (SH +4)
Your system is resistant to poisons. (rPois)


Message History

The quokka is almost dead.
Eustachio hits you with a +0 rapier.
* * * LOW HITPOINT WARNING * * *
The river rat bites you but does no damage.
The river rat bites you.
* * * LOW HITPOINT WARNING * * *
The quokka barely misses you. The shadow imp barely misses you.
You barely miss the quokka. You headbutt the quokka.
You kill the quokka!
The quokka's corpse disappears in a puff of smoke!
Eustachio hits you but does no damage. The river rat barely misses you.
The river rat bites you.
* * * LOW HITPOINT WARNING * * *
The shadow imp hits you but does no damage.
You hit the quasit. Your headbutt misses the quasit.
The quasit is heavily wounded.
The shadow imp disappears in a puff of smoke!
The quasit bites you but does no damage.
The quasit claws you but does no damage. x2
Eustachio hits you but does no damage.
The river rat bites you but does no damage. x2
The quasit bites you but does no damage.
The quasit barely misses you.
The quasit claws you but does no damage.
You hit the jelly.
Your hands burn!
* * * LOW HITPOINT WARNING * * *
Your headbutt misses the jelly.
The jelly is lightly wounded.
The jelly hits you but does no damage.
Eustachio casts a spell.
Eustachio blinks!
The river rat bites you.
* * * LOW HITPOINT WARNING * * *
The river rat completely misses you. You furiously retaliate!
You headbutt the river rat!
You kill the river rat!
The river rat's corpse disappears in a puff of smoke!
The quasit completely misses you. You furiously retaliate!
You headbutt the quasit. The quasit barely misses you. x2
You puncture the jelly!
Your hands burn!
You die...

#...
...##
#...# #
.... #.
...
##..##.##
#.@....5#
#r5# #r@#
#§J# #..#
..$#
.##.# ..
#.# ..
#.# #..
..# .. .#


You could see a jelly, a quasit (summoned), 2 river rats and a white imp
(summoned).

Vanquished Creatures
  Menkaure (D:4)
  Blork the orc (D:4)
  2 scorpions
  A howler monkey (D:5)
  3 hounds
  Ijyb (D:4)
  2 orc wizards
  4 adders
  4 gnolls (D:4)
  2 dart slugs
  9 orcs
  6 ball pythons
  5 endoplasms
  A giant cockroach (D:4)
  9 goblins
  4 hobgoblins
  3 kobolds
  2 quokkas
  3 bats
63 creatures vanquished.

Notes
Turn   | Place    | Note
-------+----------+-------------------------------------------
     0 | D:1      | chuckiee3 the Minotaur Gladiator began the quest for the
                  | Orb.
     0 | D:1      | Reached XP level 1. HP: 18/18 MP: 0/0
   114 | D:1      | Reached XP level 2. HP: 25/25 MP: 1/1
   279 | D:2      | Reached skill level 4 in Polearms
   319 | D:2      | Reached XP level 3. HP: 18/30 MP: 2/2
   723 | D:2      | Identified the +1 leather armour of the Eternal Fruit {rF-
                  | rN+ Int+2 Stlth+}
   847 | D:3      | Found a faded altar of an unknown god.
   868 | D:3      | Prayed at the altar of an unknown god.
   868 | D:3      | Became a worshipper of Ashenzari the Shackled
  1016 | D:4      | Noticed a scorpion
  1021 | D:4      | Killed a scorpion
  1022 | D:4      | Reached skill level 5 in Polearms
  1022 | D:4      | Reached skill level 1 in Armour
  1022 | D:4      | Reached XP level 4. HP: 32/38 MP: 3/3
  1086 | D:4      | Reached XP level 5. HP: 41/45 MP: 4/4
  1138 | D:4      | Noticed Ijyb
  1147 | D:4      | Killed Ijyb
  1148 | D:4      | Reached skill level 1 in Stealth
  1216 | D:4      | Noticed Blork the orc
  1241 | D:4      | Reached skill level 6 in Polearms
  1251 | D:4      | Killed Blork the orc
  1252 | D:4      | Reached XP level 6. HP: 23/51 MP: 5/5
  1347 | D:4      | Noticed Menkaure
  1360 | D:4      | Killed Menkaure
  1880 | D:4      | Reached skill level 1 in Unarmed Combat
  2221 | D:5      | Entered Level 5 of the Dungeon
  2282 | D:5      | Reached skill level 7 in Polearms
  2285 | D:5      | Reached XP level 7. HP: 59/59 MP: 6/6
  2414 | D:5      | Noticed Eustachio
  2504 | D:6      | Gained mutation: You are partially covered in large bone
                  | plates. (SH +4) [potion of mutation]
  2504 | D:6      | Gained mutation: Your system is resistant to poisons.
                  | (rPois) [potion of mutation]
  2515 | D:6      | Splashed by a jelly's acid

Illustrated notes

Levels and vault maps discovered:
D:1:      minmay_arrival_radiant_lines, layout_basic, serial_shops, shop
D:2:      layout_loops_ring
D:3:      minmay_chambers_of_twos, layout_loops_corners, tgw_kikubaaqudgha,
          ebering_ecumenical_altar_webs
D:4:      layout_basic, uniq_ijyb, uniq_menkaure, uniq_blork_the_orc
D:5:      layout_rooms, uniq_eustachio
D:6:      layout_loops_ring, minitemple, nicolae_yredelemnul_corpse_copse,
          temple_green

Skill      XL: |  1  2  3  4  5  6 |
---------------+-------------------+-----
Polearms       | 4 5 6 7 |  7.2
Dodging        | 4 |  4.3
Fighting       | 3 4 |  4.5
Armour         | 1 2 3 |  3.6
Stealth        | 1 |  1.2
Unarmed Combat | 1 |  1.1
Throwing       | |  2.1
Evocations     | |  0.3

Action                     |  1- 3 |  4- 6 |  7- 9 || total
---------------------------+-------+-------+-------++-------
  Melee: Trident           |    66 |    83 |    96 ||   245
         Headbutt          |     9 |    15 |    11 ||    35
         Punch             |     1 |     2 |     1 ||     4
         Unarmed           |       |     5 |       ||     5
  Evoke: Wand              |       |     3 |       ||     3
    Use: Potion            |     1 |       |     4 ||     5
 Armour: Chain mail        |    23 |       |       ||    23
         Plate armour      |    13 |    49 |   160 ||   222
  Dodge: Dodged            |    29 |    28 |    94 ||   151
  Block: Other             |       |       |     2 ||     2
